 Dungeon Crawl Stone Soup version 0.28-a0-175-gb2089b6bb7 (webtiles) character file.

Game seed: 6275059184956370026

7231 Nattfarinn the Fighter (level 11, -9/90 HPs)
             Began as a Barachi Summoner on Aug 17, 2021.
             Was an Elder of Cheibriados.
             Mangled by a yak (11 damage)
             ... on level 11 of the Dungeon.
             The game lasted 00:39:17 (14726 turns).

Nattfarinn the Fighter (Barachi Summoner)          Turns: 14726, Time: 00:39:18

Health: -9/90      AC: 12    Str: 25    XL:     11   Next: 12%
Magic:  3/25       EV: 13    Int: 28    God:    Cheibriados [****..]
Gold:   633        SH:  0    Dex: 24    Spells: 20/30 levels left

rFire   . . .      SeeInvis +   n - +1 trident (venom)
rCold   . . .      Faith    .   (no shield)
rNeg    . . .      Spirit   .   L - +1 robe {Will+}
rPois   .          Reflect  .   g - +2 helmet
rElec   .          Harm     .   C - scarf {repulsion}
rCorr   .          Rampage  .   E - +2 pair of gloves
Will    +....                   N - +1 pair of boots
Stlth   ++........              j - amulet "Uxkiupex" {Acrobat SInv}
HPRegen 0.25/turn               c - ring of wizardry
MPRegen 0.19/turn               M - +6 ring of strength

@: about to teleport, unable to hop, repel missiles, very slow
A: amphibious, slowness 1, strong legs 1, +LOS
a: Hop, Renounce Religion, Bend Time, Temporal Distortion, Slouch


You were on level 11 of the Dungeon.
You worshipped Cheibriados.
Cheibriados was greatly pleased with you.
You visited 2 branches of the dungeon, and saw 12 of its levels.
You also visited: Ossuary.

You collected 633 gold pieces.

Inventory:

Hand Weapons
 n - a +1 trident of venom (weapon)
Armour
 g - a +2 helmet (worn)
 C - a scarf of repulsion (worn)
 E - a +2 pair of gloves (worn)
 L - a +1 robe of willpower (worn)
 N - a +1 pair of boots (worn)
Jewellery
 c - a ring of wizardry (left hand)
 f - an amulet of magic regeneration
 j - the amulet "Uxkiupex" (around neck) {Acrobat SInv}
   (You acquired it on level 6 of the Dungeon)

   [amulet of the acrobat]

   It increases your evasion while moving and waiting.
   SInv:      It lets you see invisible.
 m - a ring of fire
 p - a ring of positive energy
 F - a ring of wizardry
 I - a ring of positive energy
 M - a +6 ring of strength (right hand)
Wands
 h - a wand of paralysis (15)
 G - a wand of charming (21)
 H - a wand of acid (25)
Scrolls
 a - 2 scrolls of vulnerability {unknown}
 o - 3 scrolls of teleportation
 u - a scroll of blinking
 x - a scroll of immolation
 y - a scroll of magic mapping
 A - a scroll of fog
 D - 2 scrolls of amnesia
Potions
 b - 2 potions of heal wounds
 i - 2 potions of magic
 k - a potion of cancellation
 l - a potion of lignification
 r - 2 potions of flight
 s - 3 potions of brilliance
 t - a potion of mutation {unknown}
 w - 4 potions of curing
 z - 5 potions of might
 B - a potion of degeneration {unknown}


   Skills:
 - Level 10.0 Fighting
 + Level 9.2 Polearms
 * Level 4.4 Armour
 - Level 2.1 Dodging
 - Level 1.7 Stealth
 - Level 10.0 Spellcasting
 - Level 7.0 Summonings


You had 20 spell levels left.
You knew the following spells:

 Your Spells              Type           Power      Damage    Failure   Level
a - Summon Small Mammal   Summ           100%       N/A       1%          1
b - Call Imp              Summ           52%        N/A       1%          2
c - Call Canine Familiar  Summ           52%        N/A       1%          3
d - Summon Lightning Spi  Summ/Air       33%        N/A       4%          4

Your spell library contained the following spells:

 Spells                   Type           Power      Damage    Failure   Level
 Beastly Appendage        Tmut           28%        N/A       1%          1
 Corona                   Hex            15%        N/A       1%          1
 Magic Dart               Conj           56%        1d5       1%          1
 Summon Guardian Golem    Hex/Summ       33%        N/A       1%          3
 Ensorcelled Hibernation  Hex/Ice        28%        N/A       2%          2
 Searing Ray              Conj           28%        3d4       2%          2
 Sublimation of Blood     Necr           7%         N/A       2%          2
 Wereblood                Tmut           14%        N/A       2%          2
 Inner Flame              Hex/Fire       14%        N/A       4%          3
 Ozocubu's Armour         Ice            14%        N/A       4%          3
 Spider Form              Tmut/Pois      7%         N/A       4%          3
 Tukima's Dance           Hex            14%        N/A       4%          3
 Cause Fear               Hex            7%         N/A       16%         4
 Fulminant Prism          Conj/Hex       7%         3d7       16%         4
 Petrify                  Tmut/Erth      14%        N/A       16%         4
 Alistair's Intoxication  Tmut/Pois      9%         N/A       38%         5
 Borgnjor's Vile Clutch   Necr/Erth      7%         N/A       38%         5
 Irradiate                Conj/Tmut      7%         3d15      38%         5
 Metabolic Englaciation   Hex/Ice        7%         N/A       38%         5
 Eringya's Noxious Bog    Tmut/Pois      7%         N/A       91%         6
 Simulacrum               Ice/Necr       7%         N/A       91%         6
 Discord                  Hex            7%         N/A       100%        8


Dungeon Overview and Level Annotations

Branches:
Dungeon (11/15)            Temple (1/1) D:6            Lair (0/6) D:11
Ossuary (visited)
    Orc: D:9-12

Altars:
Ashenzari
Cheibriados
Dithmenos
Elyvilon
Fedhas
Gozag
Hepliaklqana
Kikubaaqudgha
Makhleb
Nemelex Xobeh
Okawaru
Qazlal
Ru
Sif Muna
Trog
Uskayaw
Vehumet
Wu Jian
Xom
Yredelemnul
Zin
The Shining One

Shops:
D:5 *   D:6 [

Annotations:
D:4 3 runed translucent doors, Tutankhamun's ghost, amateur PaFi
D:8 3 runed translucent doors, Lemonice's ghost, novice FoAK


Innate Abilities, Weirdness & Mutations

You are amphibious.
You cover ground slowly.
You can hop short distances.
You have an extended range of vision and can be seen from far away.


Message History

Okay, then.
As you read the scroll of teleportation, it crumbles to dust.
You feel strangely unstable. The vampire mosquito bites you!
The vampire mosquito draws strength from your injuries!
The vampire mosquito bites you but does no damage.
The vampire mosquito barely misses you.
Unknown command.
Unknown command.
Unknown command.
The vampire mosquito barely misses you. The vampire mosquito bites you.
The vampire mosquito draws strength from your injuries!
The vampire mosquito bites you.
* * * LOW HITPOINT WARNING * * *
The vampire mosquito draws strength from your injuries!
The vampire mosquito misses you. The yak misses you.
The vampire mosquito misses you.
The vampire mosquito completely misses you.
The orc wizard yells, "Help!"
The yak gores you but does no damage.
Unknown command.
Unknown command.
Your surroundings seem slightly different.
The vampire mosquito completely misses you. x3
The vampire mosquito barely misses you.
The vampire mosquito completely misses you.
The vampire mosquito barely misses you. The yak gores you but does no damage.
The vampire mosquito completely misses you.
The vampire mosquito misses you. The yak gores you!
* * * LOW HITPOINT WARNING * * *
Unknown command.
As you read the scroll of teleportation, it crumbles to dust.
You feel strangely unstable. The vampire mosquito misses you.
The vampire mosquito bites you!
* * * LOW HITPOINT WARNING * * *
The vampire mosquito draws strength from your injuries!
The vampire mosquito bites you.
* * * LOW HITPOINT WARNING * * *
The vampire mosquito draws strength from your injuries!
The vampire mosquito barely misses you. The yak gores you!
You die...

... ...## ..### ##..###
#.>.####.....###
#...##.........#########
#...#...........#.....<#
#....Y........|........#
#....)....>............####
#..<†.)......Y.........'oo#
#...#.......@y..#......##.o#
#.Y.##...[...y.##......#
#.oo
#.h.####.....####......# ###
#....o.†...### +#######
####)####### #...#
#######+## #####.######
#........# #..........#
#........+ #..........#####
#........#


You could see 2 yaks, 2 vampire mosquitoes and an orc wizard (invisible,
fleeing).

Vanquished Creatures
  Snorg (D:10)
  Josephine (D:10)
  A two-headed ogre (D:9)
  A troll (D:9)
  Grinder (D:4)
  A wraith (D:10)
  13 yaks
  2 vampire mosquitoes (D:11)
  A basilisk (D:9)
  A hornet zombie (D:8)
  An ogre (D:4)
  3 centaurs (D:7)
  A phantom (D:6)
  A kobold brigand (D:7)
  A gnoll sergeant (D:6)
  A scorpion (D:5)
  A killer bee (D:8)
  2 wights
  An orc priest (D:10)
  A hound (D:5)
  Terence (D:3)
  A gnoll (D:6)
  An adder (D:5)
  2 white imps (D:5)
  An adder skeleton (D:4)
  2 dart slugs
  3 orcs
  4 endoplasms
  A giant cockroach (D:1)
  A gnoll zombie (Ossuary)
  A goblin (D:3)
  2 hobgoblins
  4 ball pythons
  3 bats (D:3)
  A frilled lizard (D:3)
  A hobgoblin zombie (Ossuary)
  8 kobolds
  A rat (D:2)
74 creatures vanquished.

Vanquished Creatures (collateral kills)
  Nergalle (D:10)
  7 yaks
  2 wraiths (D:10)
  A steam dragon (D:10)
  4 vampire mosquitoes (D:11)
  A basilisk (D:10)
  A warg (D:10)
  2 water moccasins
  4 orc warriors
  2 necrophages
  2 ogres
  2 centaurs
  A phantom (D:6)
  2 kobold brigands
  A bullfrog (D:8)
  A scorpion (D:5)
  4 water moccasin zombies (Ossuary)
  6 killer bees
  10 wights
  4 howler monkeys
  A centaur zombie (D:5)
  A hound (D:5)
  An orc priest (D:3)
  2 centaur skeletons
  Jessica (D:2)
  2 iguanas
  3 orc wizards
  2 mummies (Ossuary)
  2 gnolls (D:6)
  A howler monkey zombie (D:8)
  3 adders
  A shadow imp (D:7)
  2 white imps
  2 adder zombies (Ossuary)
  A worm (D:2)
  A dart slug (D:2)
  15 orcs
  3 ball pythons (D:1)
  3 endoplasms
  2 giant cockroaches
  2 gnoll zombies (Ossuary)
  4 goblins
  8 hobgoblins
  A jackal (D:5)
  3 quokkas
  3 bats
  7 hobgoblin zombies (Ossuary)
  18 kobolds
  5 kobold zombies (Ossuary)
  5 orc zombies (Ossuary)
  5 rats
168 creatures vanquished.

Vanquished Creatures (others)
  3 plants (D:11)
3 creatures vanquished.

Grand Total: 245 creatures vanquished

Notes
Turn   | Place    | Note
-------+----------+-------------------------------------------
     0 | D:1      | Nattfarinn the Barachi Summoner began the quest for the
                  | Orb.
     0 | D:1      | Reached XP level 1. HP: 13/13 MP: 3/3
   185 | D:1      | Reached skill level 5 in Summonings
   599 | D:1      | Reached XP level 2. HP: 15/19 MP: 5/5
   689 | D:1      | Learned a level 2 spell: Call Imp
  1599 | D:1      | Found a faded altar of an unknown god.
  2193 | D:2      | Reached XP level 3. HP: 21/24 MP: 1/6
  2530 | D:2      | Found a sparkling altar of Nemelex Xobeh.
  2830 | D:2      | Noticed Jessica
  2838 | D:2      | Killed Jessica
  3095 | D:2      | Learned a level 3 spell: Call Canine Familiar
  3594 | D:3      | Reached XP level 4. HP: 24/30 MP: 2/8
  4077 | D:3      | Noticed Terence
  4292 | D:3      | Found a sparkling altar of Nemelex Xobeh.
  4532 | D:3      | Killed Terence
  4533 | D:3      | Reached XP level 5. HP: 32/35 MP: 2/9
  4679 | D:4      | Found a runed translucent gate.
  4679 | D:4      | Found a runed translucent gate.
  4679 | D:4      | Found a runed translucent gate.
  4680 | D:4      | Noticed Tutankhamun's ghost (amateur PaFi)
  4689 | D:4      | Noticed a necrophage
  4700 | D:4      | Killed a necrophage
  4788 | D:4      | Found a sand-covered staircase.
  4827 | Ossuary  | Entered an ossuary
  4867 | Ossuary  | Reached skill level 1 in Polearms
  4867 | Ossuary  | Reached XP level 6. HP: 40/48 MP: 10/10
  5272 | D:4      | Reached skill level 5 in Fighting
  5409 | D:4      | Noticed Grinder
  5429 | D:4      | Killed Grinder
  5430 | D:4      | Reached XP level 7. HP: 48/57 MP: 6/11
  5548 | D:4      | Learned a level 4 spell: Summon Lightning Spire
  5642 | D:5      | Entered Level 5 of the Dungeon
  5730 | D:5      | Found Vusawk's Assorted Antiques.
  7063 | D:6      | Identified a scroll of acquirement
  7064 | D:6      | Acquired the amulet "Uxkiupex" {Acrobat SInv}
  7087 | D:6      | Reached XP level 8. HP: 59/67 MP: 5/12
  7265 | D:6      | Found Nypt's Armour Shoppe.
  7435 | D:6      | Found a sacrificial altar of Ru.
  7440 | D:6      | Found a hazy altar of Hepliaklqana.
  7443 | D:6      | Found a shadowy altar of Dithmenos.
  7443 | D:6      | Found an ancient bone altar of Kikubaaqudgha.
  7443 | D:6      | Found a snail-covered altar of Cheibriados.
  7443 | D:6      | Found a burning altar of Makhleb.
  7443 | D:6      | Found a basalt altar of Yredelemnul.
  7445 | D:6      | Found a broken altar of Ashenzari.
  7446 | D:6      | Found a hide-covered altar of Uskayaw.
  7447 | D:6      | Found a radiant altar of Vehumet.
  7449 | D:6      | Found a shimmering altar of Xom.
  7450 | D:6      | Found a bloodstained altar of Trog.
  7453 | D:6      | Became a worshipper of Cheibriados the Contemplative
  7534 | D:6      | Noticed a yak
  7536 | D:6      | Noticed a yak
  7544 | D:6      | Noticed a yak
  7545 | D:6      | Noticed a yak
  7549 | D:6      | Noticed a yak
  7552 | D:6      | Noticed a yak
  7743 | D:6      | Found a staircase to the Ecumenical Temple.
  7776 | Temple   | Entered the Ecumenical Temple
  7922 | D:6      | Killed a yak
  7925 | D:6      | Killed a yak
  7933 | D:6      | Killed a yak
  7946 | D:6      | Killed a yak
  7947 | D:6      | Reached skill level 5 in Polearms
  7947 | D:6      | Killed a yak
  7961 | D:6      | Killed a yak
  8187 | D:7      | Reached XP level 9. HP: 78/78 MP: 8/13
  8248 | D:7      | Reached * piety under Cheibriados
  8250 | D:7      | Reached skill level 10 in Fighting
  9459 | D:7      | Reached ** piety under Cheibriados
  9460 | D:7      | Reached skill level 5 in Spellcasting
 10369 | D:8      | Found a runed translucent gate.
 10369 | D:8      | Found a runed translucent gate.
 10369 | D:8      | Found a runed translucent gate.
 10370 | D:8      | Noticed Lemonice's ghost (novice FoAK)
 11417 | D:9      | Noticed a two-headed ogre
 11425 | D:9      | Killed a two-headed ogre
 11426 | D:9      | Reached XP level 10. HP: 85/85 MP: 9/21
 11687 | D:9      | Reached *** piety under Cheibriados
 12497 | D:10     | Entered Level 10 of the Dungeon
 12531 | D:10     | Noticed Nergalle
 13086 | D:10     | Killed Nergalle
 13396 | D:10     | Noticed Snorg
 13411 | D:10     | Killed Snorg
 13566 | D:10     | Noticed Josephine
 13582 | D:10     | Killed Josephine
 13582 | D:10     | Reached **** piety under Cheibriados
 13583 | D:10     | Reached skill level 10 in Spellcasting
 14333 | D:10     | Reached skill level 1 in Armour
 14493 | D:11     | Found a staircase to the Lair.
 14627 | D:11     | Reached XP level 11. HP: 90/90 MP: 21/25
 14726 | D:11     | HP: 2/90 [vampire mosquito (6)]
 14726 | D:11     | Mangled by a yak

Illustrated notes

Levels and vault maps discovered:
D:1:      minmay_arrival_four_circles, layout_loops_ring, basic_ecumenical_altar
D:2:      minmay_kobold_bridge, layout_loops_corners, basic_altar, uniq_jessica
D:3:      layout_loops_corners, nemelex_diamond_rough_becter,
          minmay_crystal_water, minmay_misc_feat_encased, uniq_terence
D:4:      layout_rooms, enter_ossuary_1, gammafunk_ghost_necromancy,
          uniq_grinder
D:5:      layout_basic, serial_shops, nicolae_shop_waterfront, minmay_checkerbox
D:6:      layout_cave_pools, minitemple, minmay_temple_entry_offerings,
          serial_shops, shop
D:7:      layout_basic
D:8:      layout_loops_ring, gammafunk_ghost_nasty_kobolds,
          wad_floor_pattern_untrapped, minmay_statues_item
D:9:      layout_loops_ring
D:10:     layout_rooms, uniq_nergalle, uniq_josephine, uniq_snorg
D:11:     layout_roguey, erik_lair_orcish_takeover, hiddenorc2_lemuel,
          uniq_maurice
Temple:   nicolae_temple_figure_zero

Skill      XL: |  1  2  3  4  5  6  7  8  9 10 11 |
---------------+----------------------------------+-----
Summonings     | 5 6 7 |  7.0
Fighting       | 3 5 7 9 10 | 10.0
Polearms       | 1 2 3 5 7 8 9 |  9.2
Spellcasting   | 7 10 | 10.0
Armour         | 2 4 |  4.4
Dodging        | |  2.1
Stealth        | |  1.7

Action                   |  1- 3 |  4- 6 |  7- 9 | 10-12 || total
-------------------------+-------+-------+-------+-------++-------
Melee: Club              |    39 |     6 |       |       ||    45
       Unarmed           |     1 |       |       |       ||     1
       Trident           |       |    63 |   147 |    86 ||   296
 Cast: Summon Small Mamm |    96 |    14 |     2 |     2 ||   114
       Call Imp          |    21 |    27 |    24 |    21 ||    93
       Call Canine Famil |       |    12 |    33 |    13 ||    58
       Summon Lightning  |       |       |    43 |    34 ||    77
 Abil: Hop               |     1 |     2 |     6 |     3 ||    12
Evoke: Wand              |       |     5 |       |       ||     5
  Use: Potion            |       |     1 |       |       ||     1
       Scroll            |       |     8 |    13 |     9 ||    30
 Stab: Sleeping          |     1 |     2 |     1 |       ||     4
       Paralysed         |       |     4 |       |       ||     4
       Distracted        |       |     1 |     2 |     4 ||     7
Armor: Robe              |    27 |    12 |    23 |    32 ||    94
Dodge: Dodged            |    39 |    33 |   106 |   120 ||   298

Table legend: (Time is in decaauts)
 A = Elapsed time spent in this place.
 B = Non-inter-level travel time spent in this place.
 C = Inter-level travel time spent in this place.
 D = Time resting spent in this place.
 E = Time spent auto-exploring this place.
 F = Levels seen in this place.
 G = Mean time per level.
                   A        B        C        D        E       F      G
               +--------+--------+--------+--------+--------+-----+--------+
         Total |  18216 |  16741 |   1475 |   1314 |  13010 |  13 | 1401.2 |
       Dungeon |  17590 |  16129 |   1461 |   1307 |  12574 |  11 | 1599.1 |
        Temple |    179 |    165 |     14 |      0 |    165 |   1 |  179.0 |
       Ossuary |    445 |    445 |      0 |      7 |    270 |   1 |  445.0 |
               +--------+--------+--------+--------+--------+-----+--------+

Top non-repeatable levels by time:
     D:8: 2273 daAuts
     D:9: 2014 daAuts
     D:7: 1978 daAuts
    D:10: 1927 daAuts
     D:5: 1885 daAuts
     D:3: 1842 daAuts
     D:1: 1803 daAuts
     D:2: 1703 daAuts
     D:6: 1208 daAuts
     D:4: 703 daAuts
 Ossuary: 445 daAuts
    D:11: 250 daAuts
  Temple: 179 daAuts
